Havana Tropicals vs Orlando Solar Bears
Created - Monday, July 3, 2023 at 08:11
Goals
|
| Havana Tropicals |
1 |
4 |
0 |
5 |
| Orlando Solar Bears |
1 |
0 |
2 |
3 |
|
Shots
|
| Havana Tropicals |
7 |
15 |
8 |
30 |
| Orlando Solar Bears |
11 |
3 |
17 |
31 |
|
1st period
1. Orlando Solar Bears , Samuel Fagemo 2 (Jordan Martinook 2) at 5:02
2. Havana Tropicals , Samuel Blais 2 (Darren Raddysh 1, Chris Tierney 2) at 17:03
Penalties :
Timothy Liljegren (HAV) for Tripping (Minor) at 5:46, Tucker Poolman (HAV) for Hooking (Minor) at 17:40
2nd period
3. Havana Tropicals , Nolan Foote 1 (Henrik Borgstrom 1, Philipp Kurashev 1) at 15:56
4. Havana Tropicals , Chris Tierney 3 (Samuel Blais 4, Tucker Poolman 4) at 16:47 (PP)
5. Havana Tropicals , Pierre-Edouard Bellemare 2 (Robert Bortuzzo 4, Zach Aston-Reese 2) at 16:55
6. Havana Tropicals , Samuel Blais 3 (Chris Tierney 3) at 18:06
Penalties :
Donovan Sebrango (OSB) for Tripping (Minor) at 1:26, Donovan Sebrango (OSB) for Slashing (Minor) at 3:59, Jamieson Rees (OSB) for Hooking (Minor) at 11:06, Isaak Phillips (OSB) for High sticking (Minor) at 16:29, Samuel Blais (HAV) for Boarding (Major) at 19:41
3rd period
7. Orlando Solar Bears , Jason Dickinson 1 (Artemi Kniazev 1, Jordan Martinook 3) at 1:40 (PP)
8. Orlando Solar Bears , Valtteri Puustinen 2 (Morgan Frost 1, Artemi Kniazev 2) at 10:46
Penalties :
Milan Lucic (HAV) for Holding (Minor) at 7:00, Jarred Tinordi (OSB) for Fighting (Major) at 15:03, Samuel Blais (HAV) for Fighting (Major) at 15:03
Goalie Stats
Eric Comrie (HAV), 28 saves from 31 shots - (0.903), W, 3-0-0, 60:00 minutes
Filip Gustavsson (OSB), 25 saves from 30 shots - (0.833), L, 0-3-0, 60:00 minutes
Players Stats for Havana Tropicals
Player Name G A P +/- PIM S H SB GA TA FO MP PP MP PK MP
------------------------------------------------------------------------------------
Alexander Nylander 0 0 0 0 0 0 0 0 0 0 0/0 7:56 0:00 0:00
Chris Tierney 1 2 3 2 0 5 2 0 0 1 11/18 19:30 3:04 4:59
Darren Raddysh 0 1 1 1 0 1 2 1 0 0 0/0 13:48 0:00 1:20
Dean Kukan 0 0 0 1 0 0 1 0 0 2 0/0 13:18 0:00 0:16
Emil Bemstrom 0 0 0 -1 0 2 3 0 0 0 0/0 12:11 0:20 0:00
Henrik Borgstrom 0 1 1 0 0 3 1 0 0 0 1/1 8:52 0:02 0:06
Milan Lucic 0 0 0 2 2 0 2 0 0 1 0/2 18:28 3:04 3:58
Nolan Foote 1 0 1 0 0 1 1 0 0 0 0/0 7:56 0:00 0:00
Pavel Dorofeyev 0 0 0 -1 0 0 2 1 0 1 0/1 13:15 0:00 1:37
Philipp Kurashev 0 1 1 -1 0 0 1 1 1 0 4/7 12:29 0:30 0:00
Pierre-Edouard Bellemare 1 0 1 1 0 2 2 0 0 0 0/1 18:45 2:51 4:46
Robert Bortuzzo 0 1 1 0 0 1 3 4 0 2 0/0 26:27 3:09 6:41
Samuel Blais 2 1 3 2 10 4 2 0 0 0 1/3 13:07 3:04 0:00
Teddy Blueger 0 0 0 1 0 4 2 0 1 0 13/25 18:54 2:59 4:46
Timothy Liljegren 0 0 0 1 2 1 2 1 0 0 0/0 21:18 3:06 4:03
Tucker Poolman 0 1 1 1 2 1 1 1 0 1 0/0 20:10 3:06 3:46
Zach Aston-Reese 0 1 1 1 0 0 0 0 0 0 0/0 16:53 2:51 1:40
Zach Whitecloud 0 0 0 0 0 5 1 6 1 0 0/0 25:41 3:09 5:45
Players Stats for Orlando Solar Bears
Player Name G A P +/- PIM S H SB GA TA FO MP PP MP PK MP
------------------------------------------------------------------------------------
Adam Beckman 0 0 0 0 0 2 2 1 1 0 1/1 11:25 0:15 0:13
Alex Turcotte 0 0 0 -1 0 1 1 0 0 0 2/3 7:47 0:00 0:00
Artemi Kniazev 0 2 2 0 0 1 1 0 1 0 0/0 23:49 5:09 3:21
Donovan Sebrango 0 0 0 -1 4 0 2 0 0 0 0/0 13:11 0:17 0:00
Isaak Phillips 0 0 0 0 2 2 1 1 0 0 0/0 23:22 5:17 3:21
Jamieson Rees 0 0 0 -1 2 0 1 1 0 0 0/2 10:13 0:45 0:00
Jarred Tinordi 0 0 0 -1 5 0 4 0 0 1 0/0 22:08 5:13 2:54
Jason Dickinson 1 0 1 0 0 4 3 0 1 1 10/19 20:51 5:12 3:08
John Leonard 0 0 0 -1 0 2 2 0 2 1 0/0 17:14 4:59 0:13
Jordan Martinook 0 2 2 0 0 7 2 1 0 0 1/1 21:28 5:12 2:54
Linus Weissbach 0 0 0 0 0 2 0 1 0 0 1/1 10:03 0:00 0:00
Mathias Emilio Pettersen 0 0 0 -1 0 0 0 1 0 0 0/0 9:12 0:36 0:00
Max Gildon 0 0 0 -1 0 0 1 0 0 0 0/0 13:18 1:04 0:00
Morgan Frost 0 1 1 -1 0 2 1 0 2 0 10/17 18:41 4:59 3:08
Philip Tomasino 0 0 0 0 0 3 0 1 0 0 3/12 14:09 0:09 2:54
Samuel Fagemo 1 0 1 0 0 2 1 0 1 0 0/2 17:41 5:12 0:00
Valtteri Puustinen 1 0 1 -1 0 2 0 1 0 0 0/0 15:15 4:59 0:00
Victor Soderstrom 0 0 0 -1 0 1 1 0 0 0 0/0 23:53 5:22 2:54
3 Stars
1 - Chris Tierney (HAV)
2 - Pierre-Edouard Bellemare (HAV)
3 - Samuel Blais (HAV)
Power Play
Havana Tropicals - 1 on 3 Attempt(s) - 33.33%
Orlando Solar Bears - 1 on 6 Attempt(s) - 16.67%
Penalty Kill
Havana Tropicals - 5 on 6 Attempt(s) - 83.33%
- Score 0 goal in Penalty Kill
Orlando Solar Bears - 2 on 3 Attempt(s) - 66.67%
- Score 0 goal in Penalty Kill
Team Stat
Havana Tropicals - Hits : 28 - Faceoff Wins : 30 - Blocked Shots : 15 - Penalty Minutes : 16
Orlando Solar Bears - Hits : 23 - Faceoff Wins : 28 - Blocked Shots : 8 - Penalty Minutes : 13
Official
Referees : Dan O'Rourke and Dan O'Halloran
Linesman : Bryan Pancich and Brandon Gawryletz
Game Notes
1:16 of 3rd period - Penalty Shot by Zach Whitecloud for Havana Tropicals - Stopped by Filip Gustavsson
Jarred Tinordi and Samuel Blais fight to a draw at 15:03 of 3rd period
Havana Tropicals
5 vs 5 Forward
Center Left Wing Right Wing Time % Phy DF OF
1 Teddy Blueger Pierre-Edouard Bellemare Zach Aston-Reese 30 1 2 2
2 Chris Tierney Milan Lucic Samuel Blais 30 1 2 2
3 Philipp Kurashev Emil Bemstrom Pavel Dorofeyev 25 1 2 2
4 Henrik Borgstrom Nolan Foote Alexander Nylander 15 1 2 2
5 vs 5 Defense
Defense Defense Time % Phy DF OF
1 Zach Whitecloud Robert Bortuzzo 30 1 2 2
2 Tucker Poolman Timothy Liljegren 30 1 2 2
3 Dean Kukan Darren Raddysh 25 1 2 2
4 Zach Whitecloud Robert Bortuzzo 15 1 2 2
PowerPlay Forward
Center Left Wing Right Wing Time % Phy DF OF
1 Teddy Blueger Pierre-Edouard Bellemare Zach Aston-Reese 50 1 2 2
2 Chris Tierney Milan Lucic Samuel Blais 50 1 2 2
PowerPlay Defense
Defense Defense Time % Phy DF OF
1 Zach Whitecloud Robert Bortuzzo 50 1 2 2
2 Tucker Poolman Timothy Liljegren 50 1 2 2
Penalty Kill 4 Players Forward
Center Wing Time % Phy DF OF
1 Teddy Blueger Pierre-Edouard Bellemare 50 1 2 2
2 Chris Tierney Milan Lucic 50 1 2 2
Penalty Kill 4 Players Defense
Defense Defense Time % Phy DF OF
1 Zach Whitecloud Robert Bortuzzo 50 1 2 2
2 Tucker Poolman Timothy Liljegren 50 1 2 2
Penalty Kill - 3 Players Forward
Forward Time % Phy DF OF
1 Teddy Blueger 50 1 2 2
2 Pierre-Edouard Bellemare 50 1 2 2
Penalty Kill - 3 Players Defense
Defense Defense Time % Phy DF OF
1 Zach Whitecloud Robert Bortuzzo 50 1 2 2
2 Tucker Poolman Timothy Liljegren 50 1 2 2
4 vs 4 Forward
Center Wing Time % Phy DF OF
1 Teddy Blueger Pierre-Edouard Bellemare 50 1 2 2
2 Chris Tierney Milan Lucic 50 1 2 2
4 vs 4 Defense
Defense Defense Time % Phy DF OF
1 Zach Whitecloud Robert Bortuzzo 50 1 2 2
2 Tucker Poolman Timothy Liljegren 50 1 2 2
Last Minutes Offensive
Center Left Wing Right Wing Defense Defense
Teddy Blueger Pierre-Edouard Bellemare Zach Aston-Reese Zach Whitecloud Robert Bortuzzo
Last Minutes Defensive
Center Left Wing Right Wing Defense Defense
Teddy Blueger Pierre-Edouard Bellemare Zach Aston-Reese Zach Whitecloud Robert Bortuzzo
Goaltenders
Starting : Eric Comrie
Backup : Arvid Soderblom
Extra Forwards
Normal : Philipp Kurashev, Emil Bemstrom, Pavel Dorofeyev - PP : Philipp Kurashev, Emil Bemstrom - PK : Pavel Dorofeyev
Extra Defensemen
Normal : Dean Kukan, Darren Raddysh, Tucker Poolman - PP : Dean Kukan - PK : Darren Raddysh, Tucker Poolman
Penalty Shots
Teddy Blueger, Pierre-Edouard Bellemare, Chris Tierney, Milan Lucic, Zach Aston-Reese
Orlando Solar Bears
5 vs 5 Forward
Center Left Wing Right Wing Time % Phy DF OF
1 Jason Dickinson Jordan Martinook Samuel Fagemo 30 1 2 2
2 Morgan Frost John Leonard Valtteri Puustinen 30 1 2 2
3 Philip Tomasino Adam Beckman Linus Weissbach 25 1 2 2
4 Alex Turcotte Mathias Emilio Pettersen Jamieson Rees 15 1 2 2
5 vs 5 Defense
Defense Defense Time % Phy DF OF
1 Victor Soderstrom Jarred Tinordi 35 1 2 2
2 Isaak Phillips Artemi Kniazev 35 1 2 2
3 Max Gildon Donovan Sebrango 30 1 2 2
4 Victor Soderstrom Jarred Tinordi 0 1 2 2
PowerPlay Forward
Center Left Wing Right Wing Time % Phy DF OF
1 Jason Dickinson Jordan Martinook Samuel Fagemo 50 1 2 2
2 Morgan Frost John Leonard Valtteri Puustinen 50 1 2 2
PowerPlay Defense
Defense Defense Time % Phy DF OF
1 Victor Soderstrom Jarred Tinordi 50 1 2 2
2 Isaak Phillips Artemi Kniazev 50 1 2 2
Penalty Kill 4 Players Forward
Center Wing Time % Phy DF OF
1 Jason Dickinson Morgan Frost 50 1 2 2
2 Philip Tomasino Jordan Martinook 50 1 2 2
Penalty Kill 4 Players Defense
Defense Defense Time % Phy DF OF
1 Victor Soderstrom Jarred Tinordi 50 1 2 2
2 Isaak Phillips Artemi Kniazev 50 1 2 2
Penalty Kill - 3 Players Forward
Forward Time % Phy DF OF
1 Jason Dickinson 50 1 2 2
2 Morgan Frost 50 1 2 2
Penalty Kill - 3 Players Defense
Defense Defense Time % Phy DF OF
1 Victor Soderstrom Jarred Tinordi 50 1 2 2
2 Isaak Phillips Artemi Kniazev 50 1 2 2
4 vs 4 Forward
Center Wing Time % Phy DF OF
1 Jason Dickinson Morgan Frost 50 1 2 2
2 Philip Tomasino Jordan Martinook 50 1 2 2
4 vs 4 Defense
Defense Defense Time % Phy DF OF
1 Victor Soderstrom Jarred Tinordi 50 1 2 2
2 Isaak Phillips Artemi Kniazev 50 1 2 2
Last Minutes Offensive
Center Left Wing Right Wing Defense Defense
Jason Dickinson Jordan Martinook Samuel Fagemo Victor Soderstrom Jarred Tinordi
Last Minutes Defensive
Center Left Wing Right Wing Defense Defense
Jason Dickinson Jordan Martinook Samuel Fagemo Victor Soderstrom Jarred Tinordi
Goaltenders
Starting : Filip Gustavsson
Backup : Felix Sandstrom
Extra Forwards
Normal : Jamieson Rees, Mathias Emilio Pettersen, Adam Beckman - PP : Jamieson Rees, Mathias Emilio Pettersen - PK : Adam Beckman
Extra Defensemen
Normal : Max Gildon, Donovan Sebrango, Isaak Phillips - PP : Max Gildon - PK : Donovan Sebrango, Isaak Phillips
Penalty Shots
Jason Dickinson, Morgan Frost, Philip Tomasino, Jordan Martinook, Samuel Fagemo
% Time on Ice - Havana Tropicals
Lines # - Real PCT - Wanted PCT - Time Play
Normal Forward
1 - 28% - 30% - 12:12
2 - 28% - 30% - 12:12
3 - 24% - 25% - 10:29
4 - 19% - 15% - 7:56
Normal Defense
1 - 30% - 30% - 12:52
2 - 33% - 30% - 14:04
3 - 26% - 25% - 11:19
4 - 11% - 15% - 4:34
PP Forward
1 - 51% - 50% - 3:11
2 - 49% - 50% - 3:04
PP Defense
1 - 50% - 50% - 3:09
2 - 50% - 50% - 3:06
PK Forward
1 - 47% - 50% - 5:06
2 - 53% - 50% - 5:50
PK Defense
1 - 53% - 50% - 5:45
2 - 47% - 50% - 5:11
PK3 Forward
1 - 0% - 50%
2 - 0% - 50%
PK3 Defense
1 - 0% - 50%
2 - 0% - 50%
44 Forward
1 - 0% - 50%
2 - 0% - 50%
44 Defense
1 - 0% - 50%
2 - 0% - 50%
Last Minute Offensive - 0:00
Last Minute Defensive - 0:00
Total
Forward - 60:00
Defense - 60:00
|
% Time on Ice - Orlando Solar Bears
Lines # - Real PCT - Wanted PCT - Time Play
Normal Forward
1 - 30% - 30% - 12:57
2 - 28% - 30% - 12:02
3 - 23% - 25% - 10:03
4 - 18% - 15% - 7:47
Normal Defense
1 - 38% - 35% - 16:28
2 - 34% - 35% - 14:44
3 - 27% - 30% - 11:37
4 - 0% - 0% - 0:00
PP Forward
1 - 48% - 50% - 5:12
2 - 52% - 50% - 5:44
PP Defense
1 - 52% - 50% - 5:39
2 - 48% - 50% - 5:17
PK Forward
1 - 52% - 50% - 3:16
2 - 48% - 50% - 2:59
PK Defense
1 - 46% - 50% - 2:54
2 - 54% - 50% - 3:21
PK3 Forward
1 - 0% - 50%
2 - 0% - 50%
PK3 Defense
1 - 0% - 50%
2 - 0% - 50%
44 Forward
1 - 0% - 50%
2 - 0% - 50%
44 Defense
1 - 0% - 50%
2 - 0% - 50%
Last Minute Offensive - 0:00
Last Minute Defensive - 0:00
Total
Forward - 60:00
Defense - 60:00
|
Play-by-Play
1st period
0:01 of 1st period - Jason Dickinson wins face-off versus Teddy Blueger in neutral zone.
0:12 of 1st period - Slapshot by Jason Dickinson.
0:12 of 1st period - Stopped by Eric Comrie with a rebound.
0:14 of 1st period - Snap shot by Victor Soderstrom.
0:14 of 1st period - Stopped by Eric Comrie without a rebound.
0:15 of 1st period - Morgan Frost wins face-off versus Chris Tierney in Havana Tropicals zone.
0:16 of 1st period - Wrist shot by John Leonard.
0:16 of 1st period - Shot Misses the Net.
0:42 of 1st period - Tucker Poolman is hit by Adam Beckman and loses puck.
1:17 of 1st period - Isaak Phillips is hit by Darren Raddysh and loses puck.
2:15 of 1st period - Tucker Poolman is hit by Donovan Sebrango and loses puck.
2:36 of 1st period - Jarred Tinordi is hit by Timothy Liljegren and loses puck.
2:45 of 1st period - Slapshot by Henrik Borgstrom.
2:45 of 1st period - Shot Blocked by Philip Tomasino.
3:07 of 1st period - Jamieson Rees is hit by Robert Bortuzzo.
3:10 of 1st period - Off-side.
3:11 of 1st period - Chris Tierney wins face-off versus Morgan Frost in neutral zone.
3:16 of 1st period - John Leonard is hit by Milan Lucic and loses puck.
4:31 of 1st period - Snap shot by Samuel Blais.
4:31 of 1st period - Stopped by Filip Gustavsson without a rebound.
4:32 of 1st period - Adam Beckman wins face-off versus Teddy Blueger in Orlando Solar Bears zone.
4:32 of 1st period - Adam Beckman is hit by Teddy Blueger.
5:02 of 1st period - Snap shot by Samuel Fagemo.
5:02 of 1st period - Goal by Samuel Fagemo - Havana Tropicals : 0 - Orlando Solar Bears : 1.
5:03 of 1st period - Jason Dickinson wins face-off versus Philipp Kurashev in neutral zone.
5:08 of 1st period - Snap shot by Philipp Kurashev.
5:08 of 1st period - Shot Misses the Net.
5:37 of 1st period - Slapshot by Jordan Martinook.
5:37 of 1st period - Stopped by Eric Comrie without a rebound.
5:38 of 1st period - Philip Tomasino wins face-off versus Pierre-Edouard Bellemare in Havana Tropicals zone.
5:46 of 1st period - Minor Penalty to Timothy Liljegren for Tripping.
5:47 of 1st period - Teddy Blueger wins face-off versus Jason Dickinson in Havana Tropicals zone.
5:52 of 1st period - Icing by Samuel Fagemo.
5:53 of 1st period - Chris Tierney wins face-off versus Jason Dickinson in Orlando Solar Bears zone.
6:22 of 1st period - Wrist shot by Chris Tierney.
6:22 of 1st period - Stopped by Filip Gustavsson with a rebound.
7:46 of 1st period - Penalty to Timothy Liljegren is over, Timothy Liljegren is back on ice.
8:36 of 1st period - Mathias Emilio Pettersen is hit by Henrik Borgstrom and loses puck.
9:06 of 1st period - Alex Turcotte is hit by Dean Kukan and loses puck.
10:17 of 1st period - Morgan Frost is hit by Samuel Blais and loses puck.
11:17 of 1st period - Chris Tierney is hit by Jason Dickinson.
11:59 of 1st period - Samuel Fagemo is hit by Pavel Dorofeyev and loses puck.
12:26 of 1st period - Robert Bortuzzo is hit by Jarred Tinordi and loses puck.
12:33 of 1st period - Jarred Tinordi is hit by Milan Lucic and loses puck.
12:59 of 1st period - Wrist shot by Samuel Blais.
12:59 of 1st period - Shot Misses the Net.
13:01 of 1st period - Slapshot by Robert Bortuzzo.
13:01 of 1st period - Stopped by Filip Gustavsson with a rebound.
13:03 of 1st period - Snap shot by Tucker Poolman.
13:03 of 1st period - Shot Blocked by Linus Weissbach.
13:07 of 1st period - Wrist shot by Chris Tierney.
13:07 of 1st period - Shot Misses the Net.
13:09 of 1st period - Slapshot by Tucker Poolman.
13:09 of 1st period - Stopped by Filip Gustavsson without a rebound.
13:10 of 1st period - Morgan Frost wins face-off versus Teddy Blueger in Orlando Solar Bears zone.
13:17 of 1st period - Morgan Frost is hit by Pierre-Edouard Bellemare and loses puck.
13:40 of 1st period - Wrist shot by Jordan Martinook.
13:40 of 1st period - Stopped by Eric Comrie without a rebound.
13:41 of 1st period - Philipp Kurashev wins face-off versus Jason Dickinson in Havana Tropicals zone.
13:52 of 1st period - Pavel Dorofeyev is hit by Jordan Martinook and loses puck.
14:11 of 1st period - Slapshot by Victor Soderstrom.
14:11 of 1st period - Deflect By Mathias Emilio Pettersen.
14:11 of 1st period - Shot Blocked by Robert Bortuzzo.
14:11 of 1st period - Puck is out of play.
14:12 of 1st period - Alex Turcotte wins face-off versus Teddy Blueger in Havana Tropicals zone.
14:19 of 1st period - Slapshot by Alex Turcotte.
14:19 of 1st period - Stopped by Eric Comrie without a rebound.
14:20 of 1st period - Jason Dickinson wins face-off versus Teddy Blueger in Havana Tropicals zone.
14:21 of 1st period - Snap shot by Jordan Martinook.
14:21 of 1st period - Stopped by Eric Comrie without a rebound.
14:22 of 1st period - Jordan Martinook wins face-off versus Teddy Blueger in Havana Tropicals zone.
14:25 of 1st period - Backhand shot by Jordan Martinook.
14:25 of 1st period - Stopped by Eric Comrie with a rebound.
14:27 of 1st period - Slapshot by Isaak Phillips.
14:27 of 1st period - Stopped by Eric Comrie with a rebound.
14:29 of 1st period - Snap shot by Jordan Martinook.
14:29 of 1st period - Deflect By Jason Dickinson.
14:29 of 1st period - Shot Blocked by Darren Raddysh.
14:29 of 1st period - Puck is out of play.
14:30 of 1st period - Jason Dickinson wins face-off versus Teddy Blueger in Havana Tropicals zone.
14:33 of 1st period - Wrist shot by Jordan Martinook.
14:33 of 1st period - Stopped by Eric Comrie without a rebound.
14:34 of 1st period - Morgan Frost wins face-off versus Teddy Blueger in Havana Tropicals zone.
14:47 of 1st period - Snap shot by Teddy Blueger.
14:47 of 1st period - Shot Blocked by Valtteri Puustinen.
14:49 of 1st period - Snap shot by Darren Raddysh.
14:49 of 1st period - Stopped by Filip Gustavsson with a rebound.
15:30 of 1st period - Wrist shot by Philip Tomasino.
15:30 of 1st period - Shot Misses the Net.
15:51 of 1st period - Wrist shot by Jason Dickinson.
15:51 of 1st period - Shot Misses the Net.
15:53 of 1st period - Slapshot by Jordan Martinook.
15:53 of 1st period - Stopped by Eric Comrie with a rebound.
16:07 of 1st period - Wrist shot by Teddy Blueger.
16:07 of 1st period - Shot Blocked by Mathias Emilio Pettersen.
16:09 of 1st period - Wrist shot by Zach Aston-Reese.
16:09 of 1st period - Shot Misses the Net.
16:11 of 1st period - Snap shot by Zach Whitecloud.
16:11 of 1st period - Stopped by Filip Gustavsson without a rebound.
16:12 of 1st period - Linus Weissbach wins face-off versus Teddy Blueger in Orlando Solar Bears zone.
16:49 of 1st period - Wrist shot by Jordan Martinook.
16:49 of 1st period - Deflect By Philipp Kurashev.
16:49 of 1st period - Shot Misses the Net.
16:49 of 1st period - Puck is out of play.
16:50 of 1st period - Chris Tierney wins face-off versus Morgan Frost in Havana Tropicals zone.
16:59 of 1st period - Snap shot by Chris Tierney.
16:59 of 1st period - Shot Misses the Net.
17:01 of 1st period - Slapshot by Darren Raddysh.
17:01 of 1st period - Shot Misses the Net.
17:03 of 1st period - Wrist shot by Samuel Blais.
17:03 of 1st period - Goal by Samuel Blais - Havana Tropicals : 1 - Orlando Solar Bears : 1.
17:04 of 1st period - Jason Dickinson wins face-off versus Chris Tierney in neutral zone.
17:40 of 1st period - Minor Penalty to Tucker Poolman for Hooking.
17:41 of 1st period - Teddy Blueger wins face-off versus Morgan Frost in Havana Tropicals zone.
17:41 of 1st period - Teddy Blueger is hit by John Leonard.
19:40 of 1st period - Penalty to Tucker Poolman is over, Tucker Poolman is back on ice.
19:58 of 1st period - Icing by Chris Tierney.
19:59 of 1st period - Chris Tierney wins face-off versus Philip Tomasino in Havana Tropicals zone.
Goals for this period are 1 for Havana Tropicals vs 1 for Orlando Solar Bears.
Shots for this period are 7 for Havana Tropicals vs 11 for Orlando Solar Bears.
2nd period
0:01 of 2nd period - Teddy Blueger wins face-off versus Morgan Frost in neutral zone.
0:25 of 2nd period - Jordan Martinook is hit by Emil Bemstrom and loses puck.
0:30 of 2nd period - Snap shot by Philipp Kurashev.
0:30 of 2nd period - Shot Blocked by Isaak Phillips.
0:32 of 2nd period - Snap shot by Philipp Kurashev.
0:32 of 2nd period - Shot Misses the Net.
0:34 of 2nd period - Slapshot by Darren Raddysh.
0:34 of 2nd period - Deflect By Emil Bemstrom.
0:34 of 2nd period - Shot Misses the Net.
0:34 of 2nd period - Puck is out of play.
0:35 of 2nd period - Morgan Frost wins face-off versus Pavel Dorofeyev in Orlando Solar Bears zone.
1:00 of 2nd period - Philipp Kurashev is hit by Jason Dickinson and loses puck.
1:06 of 2nd period - Dean Kukan is hit by Jarred Tinordi and loses puck.
1:26 of 2nd period - Minor Penalty to Donovan Sebrango for Tripping.
1:27 of 2nd period - Teddy Blueger wins face-off versus Jason Dickinson in Orlando Solar Bears zone.
1:42 of 2nd period - Wrist shot by Teddy Blueger.
1:42 of 2nd period - Stopped by Filip Gustavsson with a rebound.
1:52 of 2nd period - Jason Dickinson is hit by Zach Whitecloud and loses puck.
2:09 of 2nd period - Snap shot by Teddy Blueger.
2:09 of 2nd period - Shot Misses the Net.
2:25 of 2nd period - Morgan Frost is hit by Robert Bortuzzo and loses puck.
3:26 of 2nd period - Penalty to Donovan Sebrango is over, Donovan Sebrango is back on ice.
3:40 of 2nd period - Snap shot by Adam Beckman.
3:40 of 2nd period - Deflect By John Leonard.
3:40 of 2nd period - Stopped by Eric Comrie without a rebound.
3:41 of 2nd period - Alex Turcotte wins face-off versus Philipp Kurashev in Havana Tropicals zone.
3:42 of 2nd period - Wrist shot by Mathias Emilio Pettersen.
3:42 of 2nd period - Shot Blocked by Pavel Dorofeyev.
3:59 of 2nd period - Minor Penalty to Donovan Sebrango for Slashing.
4:00 of 2nd period - Philip Tomasino wins face-off versus Samuel Blais in Orlando Solar Bears zone.
5:59 of 2nd period - Penalty to Donovan Sebrango is over, Donovan Sebrango is back on ice.
6:00 of 2nd period - Artemi Kniazev is hit by Emil Bemstrom and loses puck.
6:07 of 2nd period - Wrist shot by Emil Bemstrom.
6:07 of 2nd period - Shot Misses the Net.
6:09 of 2nd period - Snap shot by Henrik Borgstrom.
6:09 of 2nd period - Shot Blocked by Adam Beckman.
6:11 of 2nd period - Slapshot by Darren Raddysh.
6:11 of 2nd period - Deflect By Henrik Borgstrom.
6:11 of 2nd period - Stopped by Filip Gustavsson with a rebound.
6:13 of 2nd period - Slapshot by Darren Raddysh.
6:13 of 2nd period - Shot Misses the Net.
6:35 of 2nd period - Artemi Kniazev is hit by Robert Bortuzzo and loses puck.
7:08 of 2nd period - Emil Bemstrom is hit by Jamieson Rees and loses puck.
7:53 of 2nd period - Jarred Tinordi is hit by Pavel Dorofeyev and loses puck.
8:12 of 2nd period - Timothy Liljegren is hit by Max Gildon and loses puck.
8:35 of 2nd period - Zach Aston-Reese is hit by Alex Turcotte and loses puck.
9:09 of 2nd period - Henrik Borgstrom is hit by Jason Dickinson and loses puck.
11:06 of 2nd period - Minor Penalty to Jamieson Rees for Hooking.
11:07 of 2nd period - Chris Tierney wins face-off versus Philip Tomasino in Orlando Solar Bears zone.
13:06 of 2nd period - Penalty to Jamieson Rees is over, Jamieson Rees is back on ice.
13:15 of 2nd period - Victor Soderstrom is hit by Tucker Poolman and loses puck.
13:56 of 2nd period - Snap shot by Jordan Martinook.
13:56 of 2nd period - Shot Blocked by Philipp Kurashev.
13:58 of 2nd period - Wrist shot by Philip Tomasino.
13:58 of 2nd period - Shot Misses the Net.
14:00 of 2nd period - Slapshot by Jarred Tinordi.
14:00 of 2nd period - Shot Misses the Net.
14:12 of 2nd period - Wrist shot by Philip Tomasino.
14:12 of 2nd period - Shot Misses the Net.
14:14 of 2nd period - Wrist shot by Philip Tomasino.
14:14 of 2nd period - Stopped by Eric Comrie with a rebound.
14:16 of 2nd period - Snap shot by Max Gildon.
14:16 of 2nd period - Deflect By Philip Tomasino.
14:16 of 2nd period - Shot Misses the Net.
14:16 of 2nd period - Puck is out of play.
14:17 of 2nd period - Morgan Frost wins face-off versus Milan Lucic in Havana Tropicals zone.
14:24 of 2nd period - Slapshot by Zach Whitecloud.
14:24 of 2nd period - Shot Misses the Net.
14:26 of 2nd period - Slapshot by Zach Whitecloud.
14:26 of 2nd period - Stopped by Filip Gustavsson without a rebound.
14:27 of 2nd period - Chris Tierney wins face-off versus Morgan Frost in Orlando Solar Bears zone.
14:28 of 2nd period - Snap shot by Samuel Blais.
14:28 of 2nd period - Shot Misses the Net.
14:43 of 2nd period - Icing by Samuel Blais.
14:44 of 2nd period - Morgan Frost wins face-off versus Chris Tierney in Havana Tropicals zone.
15:05 of 2nd period - Wrist shot by Zach Whitecloud.
15:05 of 2nd period - Stopped by Filip Gustavsson with a rebound.
15:21 of 2nd period - Wrist shot by Morgan Frost.
15:21 of 2nd period - Stopped by Eric Comrie with a rebound.
15:23 of 2nd period - Wrist shot by Linus Weissbach.
15:23 of 2nd period - Shot Misses the Net.
15:37 of 2nd period - Zach Whitecloud is hit by Jarred Tinordi and loses puck.
15:52 of 2nd period - Snap shot by Philipp Kurashev.
15:52 of 2nd period - Shot Misses the Net.
15:54 of 2nd period - Wrist shot by Henrik Borgstrom.
15:54 of 2nd period - Shot Misses the Net.
15:56 of 2nd period - Slapshot by Nolan Foote.
15:56 of 2nd period - Goal by Nolan Foote - Havana Tropicals : 2 - Orlando Solar Bears : 1.
15:57 of 2nd period - Teddy Blueger wins face-off versus Jason Dickinson in neutral zone.
16:07 of 2nd period - Slapshot by Teddy Blueger.
16:07 of 2nd period - Stopped by Filip Gustavsson without a rebound.
16:08 of 2nd period - Chris Tierney wins face-off versus Philip Tomasino in Orlando Solar Bears zone.
16:23 of 2nd period - Snap shot by Chris Tierney.
16:23 of 2nd period - Stopped by Filip Gustavsson with a rebound.
16:29 of 2nd period - Minor Penalty to Isaak Phillips for High sticking.
16:30 of 2nd period - Chris Tierney wins face-off versus Philip Tomasino in Orlando Solar Bears zone.
16:31 of 2nd period - Snap shot by Samuel Blais.
16:31 of 2nd period - Stopped by Filip Gustavsson with a rebound.
16:33 of 2nd period - Snap shot by Timothy Liljegren.
16:33 of 2nd period - Stopped by Filip Gustavsson without a rebound.
16:34 of 2nd period - Philip Tomasino wins face-off versus Chris Tierney in Orlando Solar Bears zone.
16:47 of 2nd period - Snap shot by Chris Tierney.
16:47 of 2nd period - Goal by Chris Tierney - Havana Tropicals : 3 - Orlando Solar Bears : 1.
16:48 of 2nd period - Teddy Blueger wins face-off versus Samuel Fagemo in neutral zone.
16:55 of 2nd period - Wrist shot by Pierre-Edouard Bellemare.
16:55 of 2nd period - Goal by Pierre-Edouard Bellemare - Havana Tropicals : 4 - Orlando Solar Bears : 1.
16:56 of 2nd period - Teddy Blueger wins face-off versus Samuel Fagemo in neutral zone.
17:10 of 2nd period - Snap shot by Jason Dickinson.
17:10 of 2nd period - Shot Hit the Post.
17:12 of 2nd period - Snap shot by Jason Dickinson.
17:12 of 2nd period - Shot Blocked by Zach Whitecloud.
17:50 of 2nd period - Wrist shot by Zach Aston-Reese.
17:50 of 2nd period - Deflect By Teddy Blueger.
17:50 of 2nd period - Stopped by Filip Gustavsson without a rebound.
17:51 of 2nd period - Samuel Blais wins face-off versus Jamieson Rees in Orlando Solar Bears zone.
18:02 of 2nd period - Snap shot by Samuel Blais.
18:02 of 2nd period - Shot Misses the Net.
18:04 of 2nd period - Wrist shot by Chris Tierney.
18:04 of 2nd period - Stopped by Filip Gustavsson with a rebound.
18:06 of 2nd period - Snap shot by Samuel Blais.
18:06 of 2nd period - Goal by Samuel Blais - Havana Tropicals : 5 - Orlando Solar Bears : 1.
18:07 of 2nd period - Chris Tierney wins face-off versus Philip Tomasino in neutral zone.
18:12 of 2nd period - Snap shot by Chris Tierney.
18:12 of 2nd period - Stopped by Filip Gustavsson with a rebound.
18:22 of 2nd period - Wrist shot by Adam Beckman.
18:22 of 2nd period - Shot Misses the Net.
18:47 of 2nd period - Samuel Fagemo is hit by Pierre-Edouard Bellemare and loses puck.
19:41 of 2nd period - Major Penalty to Samuel Blais for Boarding.
19:42 of 2nd period - Teddy Blueger wins face-off versus Morgan Frost in Havana Tropicals zone.
Goals for this period are 4 for Havana Tropicals vs 0 for Orlando Solar Bears.
Shots for this period are 15 for Havana Tropicals vs 3 for Orlando Solar Bears.
3rd period
0:01 of 3rd period - Teddy Blueger wins face-off versus Jason Dickinson in neutral zone.
0:08 of 3rd period - Backhand shot by Teddy Blueger.
0:08 of 3rd period - Stopped by Filip Gustavsson with a rebound.
0:14 of 3rd period - Wrist shot by Jordan Martinook.
0:14 of 3rd period - Shot Misses the Net.
0:16 of 3rd period - Slapshot by Victor Soderstrom.
0:16 of 3rd period - Deflect By Samuel Fagemo.
0:16 of 3rd period - Stopped by Eric Comrie without a rebound.
0:17 of 3rd period - Morgan Frost wins face-off versus Chris Tierney in Havana Tropicals zone.
0:18 of 3rd period - Wrist shot by John Leonard.
0:18 of 3rd period - Shot Misses the Net.
0:20 of 3rd period - Snap shot by Isaak Phillips.
0:20 of 3rd period - Shot Misses the Net.
0:24 of 3rd period - Wrist shot by Valtteri Puustinen.
0:24 of 3rd period - Stopped by Eric Comrie without a rebound.
0:25 of 3rd period - Morgan Frost wins face-off versus Chris Tierney in Havana Tropicals zone.
0:32 of 3rd period - Snap shot by Morgan Frost.
0:32 of 3rd period - Shot Misses the Net.
0:36 of 3rd period - Snap shot by Morgan Frost.
0:36 of 3rd period - Shot Blocked by Timothy Liljegren.
0:38 of 3rd period - Slapshot by Isaak Phillips.
0:38 of 3rd period - Stopped by Eric Comrie without a rebound.
0:39 of 3rd period - Teddy Blueger wins face-off versus Jason Dickinson in Havana Tropicals zone.
0:51 of 3rd period - Slapshot by Victor Soderstrom.
0:51 of 3rd period - Shot Blocked by Robert Bortuzzo.
0:53 of 3rd period - Slapshot by Jarred Tinordi.
0:53 of 3rd period - Shot Blocked by Robert Bortuzzo.
0:55 of 3rd period - Wrist shot by Jason Dickinson.
0:55 of 3rd period - Shot Misses the Net.
1:16 of 3rd period - Penalty Shot by Zach Whitecloud for Havana Tropicals.
1:16 of 3rd period - Deke by Zach Whitecloud.
1:16 of 3rd period - Stopped by Filip Gustavsson.
1:17 of 3rd period - Jason Dickinson wins face-off versus Teddy Blueger in Havana Tropicals zone.
1:24 of 3rd period - Slapshot by Isaak Phillips.
1:24 of 3rd period - Shot Blocked by Tucker Poolman.
1:26 of 3rd period - Slapshot by Isaak Phillips.
1:26 of 3rd period - Deflect By Jordan Martinook.
1:26 of 3rd period - Shot Misses the Net.
1:26 of 3rd period - Puck is out of play.
1:27 of 3rd period - Jason Dickinson wins face-off versus Teddy Blueger in Havana Tropicals zone.
1:36 of 3rd period - Snap shot by Jordan Martinook.
1:36 of 3rd period - Shot Hit the Post.
1:38 of 3rd period - Slapshot by Artemi Kniazev.
1:38 of 3rd period - Stopped by Eric Comrie with a rebound.
1:40 of 3rd period - Snap shot by Jason Dickinson.
1:40 of 3rd period - Goal by Jason Dickinson - Havana Tropicals : 5 - Orlando Solar Bears : 2.
1:41 of 3rd period - Teddy Blueger wins face-off versus Jason Dickinson in neutral zone.
1:46 of 3rd period - Slapshot by Zach Whitecloud.
1:46 of 3rd period - Shot Blocked by Jordan Martinook.
1:56 of 3rd period - Snap shot by Jason Dickinson.
1:56 of 3rd period - Shot Misses the Net.
2:55 of 3rd period - Robert Bortuzzo is hit by Isaak Phillips and loses puck.
3:49 of 3rd period - Victor Soderstrom is hit by Timothy Liljegren.
4:41 of 3rd period - Penalty to Samuel Blais is over, Samuel Blais is back on ice.
4:41 of 3rd period - Robert Bortuzzo is hit by Donovan Sebrango and loses puck.
5:17 of 3rd period - Wrist shot by Henrik Borgstrom.
5:17 of 3rd period - Stopped by Filip Gustavsson with a rebound.
5:43 of 3rd period - Isaak Phillips is hit by Samuel Blais and loses puck.
6:18 of 3rd period - Jordan Martinook is hit by Darren Raddysh and loses puck.
6:41 of 3rd period - Morgan Frost is hit by Nolan Foote and loses puck.
7:00 of 3rd period - Minor Penalty to Milan Lucic for Holding.
7:01 of 3rd period - Teddy Blueger wins face-off versus Jason Dickinson in Havana Tropicals zone.
7:39 of 3rd period - Zach Whitecloud is hit by John Leonard and loses puck.
9:00 of 3rd period - Penalty to Milan Lucic is over, Milan Lucic is back on ice.
9:07 of 3rd period - Darren Raddysh is hit by Artemi Kniazev and loses puck.
9:14 of 3rd period - Slapshot by Adam Beckman.
9:14 of 3rd period - Stopped by Eric Comrie with a rebound.
9:16 of 3rd period - Slapshot by Philip Tomasino.
9:16 of 3rd period - Stopped by Eric Comrie without a rebound.
9:17 of 3rd period - Philipp Kurashev wins face-off versus Jamieson Rees in Havana Tropicals zone.
9:26 of 3rd period - Mathias Emilio Pettersen is hit by Emil Bemstrom.
9:29 of 3rd period - Off-side.
9:30 of 3rd period - Teddy Blueger wins face-off versus Philip Tomasino in neutral zone.
9:55 of 3rd period - Jason Dickinson is hit by Chris Tierney and loses puck.
10:02 of 3rd period - Wrist shot by Samuel Blais.
10:02 of 3rd period - Shot Hit the Post.
10:22 of 3rd period - Snap shot by Alex Turcotte.
10:22 of 3rd period - Shot Blocked by Zach Whitecloud.
10:26 of 3rd period - Snap shot by Jamieson Rees.
10:26 of 3rd period - Shot Blocked by Robert Bortuzzo.
10:28 of 3rd period - Snap shot by Jamieson Rees.
10:28 of 3rd period - Shot Misses the Net.
10:42 of 3rd period - Snap shot by Morgan Frost.
10:42 of 3rd period - Stopped by Eric Comrie with a rebound.
10:44 of 3rd period - Wrist shot by Morgan Frost.
10:44 of 3rd period - Shot Misses the Net.
10:46 of 3rd period - Wrist shot by Valtteri Puustinen.
10:46 of 3rd period - Goal by Valtteri Puustinen - Havana Tropicals : 5 - Orlando Solar Bears : 3.
10:47 of 3rd period - Jason Dickinson wins face-off versus Chris Tierney in neutral zone.
10:47 of 3rd period - Samuel Fagemo is hit by Chris Tierney and loses puck.
11:12 of 3rd period - Zach Aston-Reese is hit by Morgan Frost.
11:42 of 3rd period - Slapshot by Adam Beckman.
11:42 of 3rd period - Shot Misses the Net.
11:56 of 3rd period - Snap shot by Henrik Borgstrom.
11:56 of 3rd period - Stopped by Filip Gustavsson without a rebound.
11:57 of 3rd period - Henrik Borgstrom wins face-off versus Alex Turcotte in Orlando Solar Bears zone.
12:00 of 3rd period - Wrist shot by Alexander Nylander.
12:00 of 3rd period - Shot Blocked by Jamieson Rees.
12:02 of 3rd period - Slapshot by Zach Whitecloud.
12:02 of 3rd period - Stopped by Filip Gustavsson without a rebound.
12:03 of 3rd period - Jason Dickinson wins face-off versus Milan Lucic in Orlando Solar Bears zone.
12:44 of 3rd period - Icing by Morgan Frost.
12:45 of 3rd period - Morgan Frost wins face-off versus Philipp Kurashev in Orlando Solar Bears zone.
12:54 of 3rd period - Snap shot by John Leonard.
12:54 of 3rd period - Stopped by Eric Comrie without a rebound.
12:55 of 3rd period - Chris Tierney wins face-off versus Philip Tomasino in Havana Tropicals zone.
13:08 of 3rd period - Snap shot by Adam Beckman.
13:08 of 3rd period - Stopped by Eric Comrie with a rebound.
13:10 of 3rd period - Wrist shot by Adam Beckman.
13:10 of 3rd period - Shot Misses the Net.
13:12 of 3rd period - Slapshot by Victor Soderstrom.
13:12 of 3rd period - Deflect By Linus Weissbach.
13:12 of 3rd period - Stopped by Eric Comrie without a rebound.
13:13 of 3rd period - Jason Dickinson wins face-off versus Teddy Blueger in Havana Tropicals zone.
13:16 of 3rd period - Wrist shot by Samuel Fagemo.
13:16 of 3rd period - Shot Blocked by Zach Whitecloud.
13:18 of 3rd period - Slapshot by Donovan Sebrango.
13:18 of 3rd period - Shot Blocked by Zach Whitecloud.
13:20 of 3rd period - Wrist shot by Jason Dickinson.
13:20 of 3rd period - Stopped by Eric Comrie with a rebound.
13:22 of 3rd period - Snap shot by Donovan Sebrango.
13:22 of 3rd period - Shot Blocked by Zach Whitecloud.
13:24 of 3rd period - Slapshot by Max Gildon.
13:24 of 3rd period - Shot Blocked by Zach Whitecloud.
13:26 of 3rd period - Snap shot by Jordan Martinook.
13:26 of 3rd period - Stopped by Eric Comrie with a rebound.
13:28 of 3rd period - Wrist shot by Jordan Martinook.
13:28 of 3rd period - Deflect By Jason Dickinson.
13:28 of 3rd period - Stopped by Eric Comrie with a rebound.
13:52 of 3rd period - Wrist shot by Pierre-Edouard Bellemare.
13:52 of 3rd period - Stopped by Filip Gustavsson without a rebound.
13:53 of 3rd period - Morgan Frost wins face-off versus Samuel Blais in Orlando Solar Bears zone.
14:20 of 3rd period - Samuel Fagemo is hit by Philipp Kurashev and loses puck.
14:49 of 3rd period - Snap shot by Philip Tomasino.
14:49 of 3rd period - Shot Misses the Net.
14:51 of 3rd period - Slapshot by Philip Tomasino.
14:51 of 3rd period - Stopped by Eric Comrie with a rebound.
14:53 of 3rd period - Snap shot by Linus Weissbach.
14:53 of 3rd period - Stopped by Eric Comrie without a rebound.
14:54 of 3rd period - Chris Tierney wins face-off versus Morgan Frost in Havana Tropicals zone.
14:54 of 3rd period - Chris Tierney is hit by Jarred Tinordi.
15:03 of 3rd period - Jarred Tinordi and Samuel Blais fight to a draw.
15:03 of 3rd period - Penalty to Jarred Tinordi for Fighting.
15:03 of 3rd period - Penalty to Samuel Blais for Fighting.
15:04 of 3rd period - Philipp Kurashev wins face-off versus Philip Tomasino in Orlando Solar Bears zone.
15:05 of 3rd period - Snap shot by Emil Bemstrom.
15:05 of 3rd period - Deflect By Philipp Kurashev.
15:05 of 3rd period - Shot Misses the Net.
15:05 of 3rd period - Puck is out of play.
15:06 of 3rd period - Philipp Kurashev wins face-off versus Philip Tomasino in Orlando Solar Bears zone.
15:07 of 3rd period - Snap shot by Emil Bemstrom.
15:07 of 3rd period - Stopped by Filip Gustavsson with a rebound.
15:11 of 3rd period - Wrist shot by Emil Bemstrom.
15:11 of 3rd period - Stopped by Filip Gustavsson with a rebound.
15:13 of 3rd period - Snap shot by Zach Whitecloud.
15:13 of 3rd period - Deflect By Artemi Kniazev.
15:13 of 3rd period - Stopped by Filip Gustavsson with a rebound.
15:57 of 3rd period - Zach Aston-Reese is hit by Samuel Fagemo and loses puck.
16:06 of 3rd period - Snap shot by Jason Dickinson.
16:06 of 3rd period - Shot Misses the Net.
16:12 of 3rd period - Isaak Phillips is hit by Teddy Blueger and loses puck.
16:57 of 3rd period - Henrik Borgstrom is hit by Victor Soderstrom and loses puck.
17:35 of 3rd period - Dean Kukan is hit by Adam Beckman and loses puck.
18:08 of 3rd period - Alexander Nylander is hit by Jordan Martinook.
19:21 of 3rd period - Backhand shot by Alexander Nylander.
19:21 of 3rd period - Shot Misses the Net.
Goals for this period are 0 for Havana Tropicals vs 2 for Orlando Solar Bears.
Shots for this period are 8 for Havana Tropicals vs 17 for Orlando Solar Bears.
Back to the Top